 Dungeon Crawl Stone Soup version 0.26.1-2-gb8aa6d0cf2 (webtiles) character file.

Game seed: 13481146975304020309

426790 Amplified the Slayer (level 23, -1/168 HPs)
             Began as a Naga Brigand on Mar 16, 2021.
             Was the Champion of Okawaru.
             Slain by a starcursed mass (12 damage)
             ... on level 4 of the Abyss on Mar 18, 2021.
             The game lasted 01:22:51 (56288 turns).

Amplified the Slayer (Naga Brigand)                Turns: 56288, Time: 01:22:51

Health: -1/168     AC: 37    Str: 13    XL:     23   Next: 82%
Magic:  38/41      EV: 21    Int: 15    God:    Okawaru [******]
Gold:   1525       SH: 17    Dex: 25    Spells: 40/45 levels left

rFire    + + .     SeeInvis +   p - +9 eveningstar
rCold    + + +     Faith    .   h - +5 kite shield {rC+}
rNeg     + . .     Spirit   .   N - +4 Cigotuvi's embrace {rMiasma *Drain rN+}
rPois    +         Reflect  .   A - +3 hat of Pondering {ponderous, Will+ MP+10 Int+5}
rElec    +         Harm     .   f - +2 cloak {Stlth+}
rCorr    +         Rampage  .   r - +2 pair of gloves
Will     +++++     Rnd*Rage +   V - +4 barding {rC+} Stlth ++++++....Rnd*Tele +
                                B - necklace of Bloodlust {*Rage +Rage Will++ Int-3 Slay+6 *Curse}
HPRegen  0.38/turn              I - +4 ring of slaying
MPRegen  0.27/turn              t - ring of Lewni {rElec rF+ Dex+5}

@: resistant, finesse, berserk cooldown, very slightly contaminated, hasted
(expiring)
A: large, stinger 1, slimy green scales 1, see invisible, [berserk 2], deformed
body, [deterioration 1], [frail 3], [low mp 2], poison resistance, slowness 2,
spit poison 1, [teleportitis 2], weak 1, [no potion heal 2], constrict 1, AC +7
}: 2/15 runes: decaying, serpentine
a: Spit Poison, Renounce Religion, Evoke Berserk Rage, Heroism, Finesse


You were on level 4 of the Abyss.
You worshipped Okawaru.
Okawaru was exalted by your worship.
You visited 9 branches of the dungeon, and saw 41 of its levels.
You visited the Abyss 1 time.
You also visited: Gauntlet and Ice Cave.

You collected 5206 gold pieces.
You spent 3681 gold pieces at shops.

Inventory:

Hand Weapons
 p - a +9 eveningstar (weapon)
Missiles
 d - 127 poisoned darts (quivered)
 e - 32 curare-tipped darts
 G - 3 throwing nets
 S - 29 silver javelins
Armour
 c - a +2 barding of fire resistance
 f - a +2 cloak of stealth (worn)
 h - a +5 kite shield of cold resistance (worn)
 r - a +2 pair of gloves (worn)
 s - a +2 helmet of intelligence
 A - the +3 hat of Pondering (worn) {ponderous, Will+ MP+10 Int+5}
   (You took it off Gastronok on level 2 of the Lair of Beasts)

   It affects your intelligence (+5).
   It affects your willpower, your defense against some magical effects.
   It affects your magic capacity (+10).
 N - the +4 Cigotuvi's embrace (worn) {rMiasma *Drain rN+}
   (You took it off a deep elf demonologist on level 3 of the Elven Halls)

   It protects you from negative energy.
   It causes draining when unequipped.
 V - a +4 barding of cold resistance (worn)
 Y - the +4 ring mail of Onkups {+Fly rC+++ rCorr Dex-3}
   (You bought it in a shop on level 1 of the Elven Halls)

   It affects your dexterity (-3).
   It renders you almost immune to cold.
   It lets you fly.
   It provides partial protection from all sources of acid and corrosion.
Jewellery
 t - the ring of Lewni (right hand) {rElec rF+ Dex+5}
   (You took it off a deep elf knight on level 3 of the Elven Halls)

   [ring of protection from fire]

   It affects your dexterity (+5).
   It protects you from fire.
   It insulates you from electricity.
 w - an uncursed ring of resist corrosion
 B - the necklace of Bloodlust (around neck) {*Rage +Rage Will++ Int-3 Slay+6 *Curse}
   (You found it on level 8 of the Dungeon)

   [amulet of nothing]

   It affects your intelligence (-3).
   It affects your accuracy and damage with ranged weapons and melee attacks
   (+6).
   It affects your willpower, your defense against some magical effects.
   It lets you go berserk.
   It may make you go berserk in combat.
   It curses itself when equipped.
 I - a +4 ring of slaying (left hand)
Wands
 a - a wand of iceblast (60)
 o - a wand of flame (50)
 z - a wand of paralysis (45)
 C - a wand of acid (38)
 E - a wand of disintegration (18)
 M - a wand of digging (17)
Scrolls
 i - 8 scrolls of fear
 m - 4 scrolls of fog
 q - 2 scrolls of enchant weapon
 v - 4 scrolls of amnesia
 x - 17 scrolls of teleportation
 y - 23 scrolls of remove curse
 F - a scroll of holy word
 J - 5 scrolls of enchant armour
 K - a scroll of summoning
 O - 4 scrolls of identify
 P - 3 scrolls of silence
 Z - 4 scrolls of magic mapping
Potions
 b - 6 potions of brilliance
 g - 13 potions of flight
 k - 4 potions of haste
 l - 2 potions of resistance
 n - 6 potions of attraction
 u - 6 potions of ambrosia
 D - a potion of might
 H - 5 potions of lignification
 L - 22 potions of curing
 Q - a potion of invisibility
 T - 6 potions of mutation
 W - 3 potions of magic
 X - 2 potions of cancellation
Miscellaneous
 U - a phantom mirror


   Skills:
 * Level 21.0 Fighting
 - Level 3.5 Short Blades
 - Level 16.2 Maces & Flails
 - Level 1.7 Throwing
 * Level 12.8 Armour
 * Level 14.9 Dodging
 - Level 14.1 Stealth
 - Level 9.3 Shields
 * Level 11.9 Spellcasting
 - Level 8.4 Hexes
 - Level 13.8 Invocations


You had 40 spell levels left.
You knew the following spells:

 Your Spells              Type           Power        Failure   Level
a - Ensorcelled Hibernat  Hex/Ice        42%          2%          2
b - Confusing Touch       Hex            34%          1%          3

Your spell library contained the following spells:

 Spells                   Type           Power        Failure   Level
 Corona                   Hex            37%          1%          1
 Slow                     Hex            34%          1%          2
 Tukima's Dance           Hex            34%          1%          3
 Cause Fear               Hex            17%          3%          4
 Dazzling Flash           Conj/Hex       42%          4%          3
 Inner Flame              Hex/Fire       21%          4%          3
 Portal Projectile        Hex/Tloc       42%          4%          3
 Summon Guardian Golem    Hex/Summ       21%          4%          3
 Animate Skeleton         Necr           16%          10%         1
 Apportation              Tloc           16%          10%         1
 Beastly Appendage        Tmut           16%          10%         1
 Foxfire                  Conj/Fire      32%          10%         1
 Freeze                   Ice            32%          10%         1
 Pain                     Necr           32%          10%         1
 Shock                    Conj/Air       32%          10%         1
 Summon Small Mammal      Summ           32%          10%         1
 Blink                    Tloc           N/A          14%         2
 Swiftness                Air            8%           14%         2
 Wereblood                Tmut           8%           14%         2
 Fulminant Prism          Conj/Hex       10%          17%         4
 Leda's Liquefaction      Hex/Erth       10%          17%         4
 Conjure Flame            Conj/Fire      8%           28%         3
 Frozen Ramparts          Ice            16%          28%         3
 Gell's Gravitas          Tloc           4%           28%         3
 Ignite Poison            Fire/Tmut/Pois 8%           28%         3
 Lesser Beckoning         Tloc           4%           28%         3
 Ozocubu's Armour         Ice            8%           28%         3
 Spider Form              Tmut/Pois      4%           28%         3
 Static Discharge         Conj/Air       8%           28%         3
 Teleport Other           Tloc           8%           28%         3
 Vampiric Draining        Necr           4%           28%         3
 Silence                  Hex/Air        10%          43%         5
 Summon Mana Viper        Hex/Summ       21%          43%         5
 Airstrike                Air            4%           67%         4
 Animate Dead             Necr           4%           67%         4
 Hailstorm                Conj/Ice       8%           67%         4
 Ice Form                 Ice/Tmut       8%           67%         4
 Passage of Golubria      Tloc           N/A          67%         4
 Sticky Flame             Conj/Fire      8%           67%         4
 Summon Ice Beast         Ice/Summ       8%           67%         4
 Summon Lightning Spire   Summ/Air       8%           67%         4
 Agony                    Necr           8%           95%         5
 Blade Hands              Tmut           4%           95%         5
 Borgnjor's Vile Clutch   Necr/Erth      4%           95%         5
 Excruciating Wounds      Necr           4%           95%         5
 Fireball                 Conj/Fire      4%           95%         5
 Irradiate                Conj/Tmut      4%           95%         5
 Lightning Bolt           Conj/Air       4%           95%         5
 Summon Demon             Summ           4%           95%         5
 Death Channel            Necr           4%           100%        6
 Hydra Form               Tmut           4%           100%        6
 Shadow Creatures         Summ           N/A          100%        6
 Simulacrum               Ice/Necr       4%           100%        6
 Starburst                Conj/Fire      4%           100%        6
 Statue Form              Tmut/Erth      5%           100%        6
 Dragon Form              Tmut           4%           100%        7
 Malign Gateway           Summ/Tloc      4%           100%        7
 Monstrous Menagerie      Summ           4%           100%        7
 Spellforged Servitor     Conj/Summ      4%           100%        7
 Summon Greater Demon     Summ           4%           100%        7
 Ignition                 Fire           4%           100%        8
 Summon Horrible Things   Summ           4%           100%        8


Dungeon Overview and Level Annotations

Branches:
Dungeon (15/15)            Temple (1/1) D:4            Lair (6/6) D:10
  Swamp (4/4) Lair:3        Snake (4/4) Lair:4        Slime (0/5) Lair:6
    Orc (2/2) D:10            Elf (3/3) Orc:2        Vaults (4/5) D:14
  Crypt (0/3) Vaults:3     Depths (2/5) D:15          IceCv (visited)
Gauntlet (visited)

Altars:
Ashenzari
Cheibriados
Dithmenos
Elyvilon
Fedhas
Gozag
Hepliaklqana
Kikubaaqudgha
Makhleb
Nemelex Xobeh
Okawaru
Qazlal
Ru
Sif Muna
Trog
Uskayaw
Vehumet
Wu Jian
Xom
Yredelemnul
Zin
The Shining One
Beogh
Lugonu

Shops:
D:4 **(   D:9 (   D:14 }   Orc:2 ([:?=   Elf:1 *}}(   Elf:2 (   Vaults:4 =
Depths:1 }(

Portals:
Hell: Depths:1
Abyss: Depths:1 Depths:2

Annotations:
D:8 2 runed translucent doors
Orc:2 Get strength
Elf:1 Firestarter?
Elf:2 3 runed translucent doors
Depths:2 Mara


Innate Abilities, Weirdness & Mutations

You cannot wear boots.
Your serpentine skin is tough. (AC +7)
You have supernaturally acute eyesight. (SInv)
Armour fits poorly on your strangely shaped body.
Your system is resistant to poisons. (rPois)
You cover ground very slowly.
You can spit poison.
You can use your snake-like lower body to constrict enemies.
Your tail ends in a poisonous barb.
You are partially covered in slimy green scales. (AC +2)
You are weak. (Str -2)
[You often lose your temper in combat.]
[Your body sometimes deteriorates upon taking damage.]
[You are extremely frail. (-30% HP)]
[Your magical capacity is very low. (-20% MP)]
[You are sometimes teleported next to monsters.]
[Potions are poor at restoring your health.]


Message History

Okawaru accepts your kill.
A cacophony of accursed wailing tears at your sanity!
* * * LOW HITPOINT WARNING * * *
The starcursed mass engulfs you but does no damage. x2
Unknown command.
Unknown command.
You feel protected.
You feel yourself speed up.
Your extra speed is starting to run out.
The starcursed mass closely misses you. You block the starcursed mass's attack.
Unknown command.
Unknown command.
Your system partially rejects the healing.
You feel better.
You block the starcursed mass's attack. x2
Unknown command.
Your system partially rejects the healing.
You feel better. You block the starcursed mass's attack.
Your system partially rejects the healing.
You feel better.
You block the starcursed mass's attack. x2
The starcursed mass misses you. The starcursed mass engulfs you!
You die...

#... ≈ . .. #
.. . ## ####
. .. ... ..
..## . ..
...# ... .
...
..##.##..##.
# . .#.
.#...# . .
.... ....# ..
#. #
..X.#..### .#
.. .
.....#@X.#
..... .
.....XXXXX.#
# .. .
...#.#X.X.###
. # #...###
.#.. . #
....#+ . . ##
. ##.### ## .
. ###
.#....#. #. .
# #. # . #§ .


You could see 8 starcursed masses.

Vanquished Creatures
  Sojobo (Vaults:4)
  Frederick (Vaults:2)
  Vashnia (Snake:4)
  The ghost of Ugguttuj the Peltast, a veteran DrWn of Okawaru (Vaults:4)
  Saint Roka (Orc:2)
  Jorgrun (D:12)
  Rupert (D:13)
  2 Ice Fiends (IceCv)
  4 deep elf blademasters
  A titan (Depths:2)
  A sphinx (Vaults:1)
  2 ancient champions (Vaults:2)
  A deep elf master archer (Elf:3)
  Kirke (Lair:6)
  Gastronok (Lair:2)
  4 tentacled starspawn
  Agnes (Snake:2)
  The ghost of Ousak the Spry, an adept OpTm of Ru (Snake:1)
  Donald (Swamp:2)
  2 tengu reavers
  A thorn hunter (Swamp:3)
  7 nagarajas
  7 deep elf sorcerers
  3 fire giants (Vaults:4)
  A draconian knight (Vaults:2)
  An orc warlord (Vaults:4)
  Louise (Swamp:1)
  2 frost giants
  11 vault wardens
  4 deep elf elementalists (Elf:3)
  11 ironheart preservers
  A very ugly thing (Vaults:1)
  8 stone giants
  6 deep elf annihilators
  3 minotaurs
  3 bunyips
  2 spark wasps (D:15)
  4 deep elf demonologists (Elf:3)
  4 deep elf death magi
  An eidolon (Abyss:3)
  A merfolk javelineer (Vaults:4)
  6 eleionomae
  4 ettins
  A fire dragon (shapeshifter) (Gauntlet)
  A shambling mangrove (Swamp:4)
  6 deep elf high priests
  9 yaktaur captains
  7 crystal guardians (Elf:3)
  5 fire dragons
  Josephine (Lair:6)
  2 rakshasas
  3 great orbs of eyes
  2 merfolk impalers (Vaults:4)
  Fannar (D:12)
  21 hydras
  3 ice dragons
  14 naga warriors
  9 boulder beetles
  2 ghost crabs
  10 vault guards
  16 anacondas
  2 death knights
  5 centaur warriors
  4 dancing weapons
  32 two-headed ogres
  3 deep troll shamans
  8 ogre magi
  4 tengu warriors
  8 deep troll earth magi
  4 alligators
  Urug (Orc:1)
  2 orc high priests
  5 wretched stars
  14 naga sharpshooters
  A vampire mage (Vaults:3)
  5 shock serpents
  18 deep elf knights
  4 salamander mystics
  4 hell knights (Depths:2)
  18 skeletal warriors
  3 shadow wraiths
  A fire crab (Swamp:4)
  5 unseen horrors
  A sixfirhy (Abyss:1)
  24 deep trolls
  4 goliath frogs
  9 swamp dragons
  4 bog bodies
  2 flayed ghosts (Vaults:4)
  8 naga ritualists
  6 deep elf archers
  A glowing orange brain (Depths:2)
  2 spriggan druids
  2 lindwurms (Swamp:4)
  An orange crystal statue (Gauntlet)
  3 wizards
  2 harpies (shapeshifter)
  15 ironbrand convokers
  4 oklob plants
  5 wolf spiders
  15 mana vipers
  An orb spider (shapeshifter) (D:9)
  8 orc knights
  3 necromancers
  6 will-o-the-wisps
  15 slime creatures
  4 orc sorcerers
  10 cyclopes
  25 ugly things
  59 deep elf magi
  2 moths of wrath (Snake:1)
  22 salamanders
  4 manticores
  Maurice (D:11)
  11 elephants
  A centaur zombie (D:14)
  33 naga magi
  A guardian serpent (shapeshifter) (Vaults:2)
  9 guardian serpents
  2 ice statues (IceCv)
  Psyche (D:12)
  10 vault sentinels
  39 black mambas
  21 cane toads
  An orange demon (Abyss:3)
  A rime drake (Lair:4)
  A torpor snail (Lair:4)
  2 gargoyles
  A centaur skeleton (D:11)
  3 efreet
  56 yaktaurs
  17 komodo dragons
  8 freezing wraiths
  13 ice devils (IceCv)
  A tormentor (Abyss:4)
  A kobold demonologist (D:14)
  5 hellwings (Abyss:1)
  3 tengu conjurers
  A demonic crawler (Abyss:4)
  7 trolls
  A meliai (shapeshifter) (Vaults:1)
  7 polar bears
  A queen bee (shapeshifter) (Vaults:1)
  5 raiju (Abyss:1)
  A wind drake (shapeshifter) (Vaults:2)
  8 hornets
  21 blink frogs
  A blink frog (shapeshifter) (Depths:2)
  18 tyrant leeches
  A meliai zombie (D:15)
  4 dream sheep (Lair:5)
  10 large abominations
  An air elemental (Elf:1)
  3 vampires (Vaults:3)
  13 starcursed masses
  11 wraiths
  A ynoxinul (Abyss:1)
  A spriggan (shapeshifter) (Elf:1)
  10 fire elementals
  4 spriggans (Swamp:3)
  3 water elementals
  6 wyverns
  A hog (Lair:6)
  A human (shapeshifter) (Vaults:2)
  A chaos spawn (Abyss:1)
  69 yaks
  5 steam dragons
  2 neqoxecs
  13 vampire mosquitoes
  10 basilisks
  12 swamp worms
  7 wargs
  A naga (shapeshifter) (Depths:1)
  Edmund (D:6)
  40 nagas
  A soldier ant (D:12)
  17 water moccasins
  An acid dragon (D:8)
  4 hell hounds
  14 small abominations
  7 sky beasts
  36 orc warriors
  8 swamp drakes
  A hornet zombie (D:10)
  2 ice beasts
  2 phantoms
  3 black bears
  4 eyes of draining
  34 ogres
  3 necrophages
  33 wolves
  An elf simulacrum (Vaults:1)
  16 centaurs
  A big kobold (D:9)
  28 bullfrogs
  5 earth elementals (Elf:1)
  2 wyvern skeletons
  5 scorpions
  2 water moccasin skeletons
  16 killer bees
  2 human simulacra
  3 wights (D:11)
  2 electric eels
  2 vampire bats (D:7)
  8 howler monkeys
  3 lava snakes
  A quasit (Abyss:1)
  A bullfrog zombie (D:13)
  5 jellies
  A gnoll shaman (Orc:1)
  8 hounds
  38 orc priests
  Crazy Yiuf (D:2)
  3 bullfrog skeletons
  2 iguanas
  An iron imp (Abyss:1)
  Terence (D:3)
  32 orc wizards
  17 worker ants
  A killer bee zombie (D:9)
  A hound zombie (D:6)
  A hound skeleton (D:9)
  A worker ant zombie (D:6)
  9 gnolls
  19 adders
  A shadow imp (D:6)
  9 white imps
  9 ufetubi
  4 oozes
  An adder skeleton (D:8)
  2 adder zombies
  5 worms
  5 dart slugs
  2 leopard geckos
  125 orcs
  4 ball pythons
  4 bat skeletons (D:7)
  3 bat zombies (D:7)
  4 giant cockroaches
  3 goblins
  6 hobgoblins
  6 jackals
  6 quokkas
  11 bats
  3 frilled lizards
  A jackal zombie (D:5)
  6 kobolds
  A quokka skeleton (D:5)
  11 rats
  A bush (Lair:1)
  3 starspawn tentacles
1841 creatures vanquished.

Vanquished Creatures (collateral kills)
  An orc (D:12)
1 creature vanquished.

Vanquished Creatures (others)
  A tengu reaver (Vaults:4)
  3 swamp dragons (Swamp:4)
  A will-o-the-wisp (Swamp:4)
  A bloated husk (Swamp:4)
  4 humans (Lair:6)
  2 swamp drakes (Swamp:4)
  An ogre (Vaults:3)
  A killer bee (D:8)
  An orc wizard (Orc:2)
  A white imp (IceCv)
  3 ufetubi (IceCv)
  3 orcs
  2 jackals (D:8)
  A bush (Depths:2)
  14 foxfires
  36 fungi
  130 plants
  4 starspawn tentacles (Abyss:4)
209 creatures vanquished.

Grand Total: 2051 creatures vanquished

Notes
Turn   | Place    | Note
-------+----------+-------------------------------------------
     0 | D:1      | Amplified the Naga Brigand began the quest for the Orb.
     0 | D:1      | Reached XP level 1. HP: 19/19 MP: 1/1
   137 | D:1      | Reached skill level 1 in Dodging
   410 | D:1      | Reached XP level 2. HP: 24/26 MP: 2/2
   987 | D:1      | Reached XP level 3. HP: 33/33 MP: 3/3
  1247 | D:2      | Found a blossoming altar of Fedhas.
  1678 | D:2      | Reached XP level 4. HP: 16/40 MP: 4/4
  2227 | D:2      | Found a broken altar of Ashenzari.
  2362 | D:2      | Found a runed translucent door.
  2363 | D:2      | Noticed Crazy Yiuf
  2480 | D:2      | Killed Crazy Yiuf
  2656 | D:3      | Reached skill level 3 in Fighting
  2781 | D:3      | Reached XP level 5. HP: 48/49 MP: 5/5
  3028 | D:3      | Noticed Terence
  3034 | D:3      | Killed Terence
  3271 | D:3      | Learned a level 2 spell: Ensorcelled Hibernation
  3314 | D:3      | Found a hide-covered altar of Uskayaw.
  3466 | D:4      | Found a staircase to the Ecumenical Temple.
  3509 | D:4      | Found Alucw's Weapon Shoppe.
  3528 | Temple   | Entered the Ecumenical Temple
  3576 | Temple   | Became a worshipper of Warmaster Okawaru
  3611 | D:4      | Noticed an ogre
  3613 | D:4      | Found Jurothoa's Assorted Antiques.
  3614 | D:4      | Killed an ogre
  3615 | D:4      | Reached XP level 6. HP: 56/56 MP: 6/6
  3634 | D:4      | Reached skill level 1 in Hexes
  3692 | D:4      | Bought a +0 eveningstar for 180 gold pieces
  3791 | D:4      | Found Ixecwir's Assorted Antiques.
  4186 | D:4      | Found a bloodstained altar of Trog.
  4276 | D:4      | Gained mutation: You are partially covered in slimy green
                  | scales. (AC +2) [potion of mutation]
  4276 | D:4      | Gained mutation: Your tail ends in a poisonous barb.
                  | [potion of mutation]
  4423 | D:4      | Found a basalt altar of Yredelemnul.
  4537 | D:5      | Entered Level 5 of the Dungeon
  4550 | D:5      | Reached skill level 1 in Maces & Flails
  4923 | D:5      | Reached XP level 7. HP: 60/63 MP: 7/7
  5099 | D:5      | Reached skill level 4 in Fighting
  5238 | D:5      | Found a glowing silver altar of Zin.
  5284 | D:5      | Found an opulent altar of Gozag.
  5284 | D:5      | Found a hazy altar of Hepliaklqana.
  5423 | D:6      | Noticed Edmund
  5439 | D:6      | Killed Edmund
  5439 | D:6      | Reached * piety under Okawaru
  5701 | D:6      | Noticed a wraith
  5725 | D:6      | Killed a wraith
  5726 | D:6      | Reached XP level 8. HP: 43/73 MP: 2/8
  6171 | D:6      | Reached skill level 5 in Fighting
  6572 | D:6      | Reached ** piety under Okawaru
  7036 | D:6      | Reached skill level 10 in Stealth
  7345 | D:7      | Found an ancient bone altar of Kikubaaqudgha.
  7496 | D:7      | Reached XP level 9. HP: 82/82 MP: 9/9
  7511 | D:7      | Found a shadowy altar of Dithmenos.
  7792 | D:7      | Reached skill level 6 in Fighting
  7961 | D:7      | Found a shimmering blue altar of Sif Muna.
  7970 | D:7      | Reached skill level 5 in Hexes
  7975 | D:7      | Identified Sif Muna's Compendium of Flames
  8249 | D:7      | Found an opulent altar of Gozag.
  8432 | D:7      | Found a stormy altar of Qazlal.
  8451 | D:7      | Found a sparkling altar of Nemelex Xobeh.
  8552 | D:8      | Found a large runed translucent door.
  8552 | D:8      | Found a large runed translucent door.
  8557 | D:8      | Noticed a boulder beetle
  8558 | D:8      | Reached skill level 5 in Maces & Flails
  8815 | D:8      | Found a sacrificial altar of Ru.
  8894 | D:8      | Reached *** piety under Okawaru
  9206 | D:8      | Reached skill level 7 in Fighting
  9611 | D:8      | Reached XP level 10. HP: 76/94 MP: 8/10
  9984 | D:9      | Found Cizocefa's Antique Weapon Emporium.
 10314 | D:8      | Found a large runed translucent door.
 10315 | D:8      | Found a large runed translucent door.
 10335 | D:8      | Found the cursed necklace of Bloodlust {*Rage +Rage Will++
                  | Int-3 Slay+6 *Curse}
 10620 | D:9      | Reached **** piety under Okawaru
 10943 | D:9      | Noticed a two-headed ogre
 10948 | D:9      | Killed a two-headed ogre
 11122 | D:9      | Noticed a boulder beetle
 11125 | D:9      | Noticed an orb spider
 11128 | D:9      | Killed an orb spider
 11129 | D:9      | Reached skill level 8 in Fighting
 11138 | D:9      | Killed a boulder beetle
 11145 | D:9      | Reached XP level 11. HP: 104/104 MP: 11/11
 11153 | D:9      | Identified the Volume of the Enthralling Blaze
 11291 | D:9      | Reached ***** piety under Okawaru
 11834 | D:9      | Found a burning altar of Makhleb.
 11904 | D:9      | Found a roughly hewn altar of Beogh.
 12094 | D:10     | Entered Level 10 of the Dungeon
 12242 | D:10     | Found a staircase to the Lair.
 12294 | D:10     | HP: 2/104 [warg (13)]
 12302 | D:10     | Reached skill level 9 in Fighting
 12648 | D:10     | Noticed an unseen horror
 12805 | D:11     | Noticed a two-headed ogre
 12922 | D:10     | Killed an unseen horror
 12922 | D:10     | Received a gift from Okawaru
 12941 | D:10     | Learned a level 3 spell: Confusing Touch
 12993 | D:11     | Noticed a two-headed ogre
 13001 | D:11     | Killed a two-headed ogre
 13002 | D:11     | Reached skill level 1 in Shields
 13382 | D:11     | Killed a two-headed ogre
 13673 | D:11     | Noticed Maurice
 13683 | D:11     | Killed Maurice
 13824 | D:11     | Noticed a red ugly thing
 13842 | D:11     | Killed a red ugly thing
 13844 | D:11     | Reached XP level 12. HP: 116/116 MP: 12/12
 13856 | D:11     | Reached skill level 10 in Fighting
 14064 | D:11     | Received a gift from Okawaru
 14122 | D:11     | Received a gift from Okawaru
 14123 | D:11     | Got a jewelled short sword {god gift}
 14456 | D:12     | Noticed a two-headed ogre
 14462 | D:12     | Killed a two-headed ogre
 14463 | D:12     | Reached skill level 10 in Maces & Flails
 14530 | D:12     | Noticed Jorgrun
 14783 | D:12     | Noticed a two-headed ogre
 14790 | D:12     | Killed a two-headed ogre
 14791 | D:12     | Reached skill level 11 in Fighting
 14791 | D:12     | Reached skill level 5 in Shields
 14873 | D:12     | Killed Jorgrun
 14873 | D:12     | Received a gift from Okawaru
 15087 | D:12     | Noticed Fannar
 15095 | D:12     | Killed Fannar
 15095 | D:12     | Reached ****** piety under Okawaru
 15096 | D:12     | Gained mutation: You can use your snake-like lower body to
                  | constrict enemies. [Naga growth]
 15096 | D:12     | Reached XP level 13. HP: 127/127 MP: 13/13
 15366 | D:12     | Noticed Psyche
 15375 | D:12     | Killed Psyche
 15804 | D:10     | Found a staircase to the Orcish Mines.
 16158 | D:8      | Identified the Collected Works on Unholy Arts
 16277 | Lair:1   | Entered Level 1 of the Lair of Beasts
 17265 | Lair:2   | Got a faintly humming leather armour
 17276 | Lair:2   | Identified the +4 leather armour of the Comet {rPois} (You
                  | found it on level 2 of the Lair of Beasts)
 17295 | Lair:2   | Received a gift from Okawaru
 17376 | Lair:2   | Reached skill level 12 in Fighting
 17703 | Lair:2   | Noticed Gastronok
 17715 | Lair:2   | Killed Gastronok
 18660 | Lair:3   | Found a staircase to the Swamp.
 18707 | Lair:3   | Received a gift from Okawaru
 19199 | Lair:3   | Reached XP level 14. HP: 125/139 MP: 14/14
 19928 | Lair:4   | Reached skill level 13 in Fighting
 20229 | Lair:4   | Found a staircase to the Snake Pit.
 20308 | Lair:4   | Received a gift from Okawaru
 21726 | Lair:5   | Received a gift from Okawaru
 22390 | Lair:5   | Got a transparent ring mail
 22391 | Lair:5   | Identified the +0 ring mail of Lium {Will+} (You found it
                  | on level 5 of the Lair of Beasts)
 22996 | Lair:6   | Entered Level 6 of the Lair of Beasts
 23135 | Lair:6   | Received a gift from Okawaru
 23281 | Lair:6   | Reached skill level 14 in Fighting
 23310 | Lair:6   | Reached skill level 1 in Invocations
 23311 | Lair:6   | Reached XP level 15. HP: 135/151 MP: 15/15
 23385 | Lair:6   | Noticed Josephine
 23419 | Lair:6   | Killed Josephine
 23447 | Lair:6   | Received a gift from Okawaru
 23466 | Lair:6   | Noticed Kirke
 23484 | Lair:6   | Killed Kirke
 23521 | Lair:6   | Reached skill level 5 in Invocations
 23888 | Lair:6   | Found a staircase to the Slime Pits.
 24898 | Orc:1    | Entered Level 1 of the Orcish Mines
 24898 | Orc:1    | Noticed Urug
 24909 | Orc:1    | Killed Urug
 25423 | Orc:2    | Entered Level 2 of the Orcish Mines
 25516 | Orc:2    | Found a staircase to the Elven Halls.
 25531 | Orc:2    | Found Rujifoed's Book Shop.
 25709 | Orc:2    | Noticed Saint Roka
 25794 | Orc:2    | Killed Saint Roka
 25814 | Orc:2    | Found Coetoll's Antique Armour Boutique.
 25817 | Orc:2    | Found Vuwkil's Antique Weapon Shop.
 25844 | Orc:2    | Found a roughly hewn altar of Beogh.
 25858 | Orc:2    | Bought a bronze chain mail for 304 gold pieces
 25858 | Orc:2    | Identified the +8 chain mail of Wariness {+Fly rC+} (You
                  | bought it in a shop on level 2 of the Orcish Mines)
 26093 | Orc:2    | Found a roughly hewn altar of Beogh.
 26235 | Orc:2    | Received a gift from Okawaru
 26382 | Orc:2    | Found a roughly hewn altar of Beogh.
 26442 | Orc:2    | Found a roughly hewn altar of Beogh.
 26452 | Orc:2    | Reached skill level 15 in Fighting
 26452 | Orc:2    | Found Gevupuici's Magic Scroll Boutique.
 26461 | Orc:2    | Bought a scroll of fear for 42 gold pieces
 26461 | Orc:2    | Bought a scroll of teleportation for 36 gold pieces
 26461 | Orc:2    | Bought a scroll of teleportation for 36 gold pieces
 26461 | Orc:2    | Bought a scroll of enchant weapon for 90 gold pieces
 26508 | Orc:2    | Found a roughly hewn altar of Beogh.
 26509 | Orc:2    | Found Elich's Jewellery Shoppe.
 26622 | Orc:2    | Found a roughly hewn altar of Beogh.
 26990 | D:13     | Reached XP level 16. HP: 134/163 MP: 21/21
 27011 | D:13     | Noticed Rupert
 27013 | D:13     | Found a gate leading to a gauntlet.
 27024 | Gauntlet | Entered a Gauntlet
 27024 | Gauntlet | Found a transporter.
 27024 | Gauntlet | Found a runed translucent door.
 27324 | Gauntlet | Found a runed translucent door.
 27326 | Gauntlet | Found a transporter.
 27329 | Gauntlet | Found a transporter.
 27330 | Gauntlet | Found a transporter.
 27341 | Gauntlet | Found a transporter.
 27341 | Gauntlet | Found a transporter.
 27342 | Gauntlet | Found a transporter.
 27351 | Gauntlet | Found a transporter.
 27354 | Gauntlet | Found a transporter.
 27354 | Gauntlet | Identified the +8 war axe "Sotz" {drain, rF- MP+9 Dex+2}
 27355 | Gauntlet | Found a transporter.
 27361 | Gauntlet | Found a runed translucent gate.
 27363 | Gauntlet | Found a runed translucent gate.
 27363 | Gauntlet | Found a transporter.
 27365 | Gauntlet | Found a runed translucent gate.
 27366 | Gauntlet | Found a transporter.
 27367 | Gauntlet | Found a transporter.
 27375 | Gauntlet | Found a transporter.
 27740 | Gauntlet | Reached skill level 15 in Maces & Flails
 27759 | Gauntlet | Got an encrusted ring mail
 27998 | D:13     | Found a shimmering altar of Xom.
 28086 | D:14     | You fall into a shaft and drop 1 floor!
 28086 | D:15     | Entered Level 15 of the Dungeon
 28784 | D:15     | Found a staircase to the Depths.
 29213 | D:14     | Received a gift from Okawaru
 29280 | D:14     | Identified the +2 ring mail "Bogg" {rPois} (You found it in
                  | a Gauntlet)
 29367 | D:14     | Received a gift from Okawaru
 29462 | D:14     | Found a gate to the Vaults.
 29547 | D:14     | Found Hohifute's Gadget Shoppe.
 29570 | D:14     | Bought a phantom mirror for 760 gold pieces
 29570 | D:14     | Bought a wand of acid (7) for 418 gold pieces
 30099 | D:13     | Found a shimmering altar of Xom.
 30766 | D:13     | Reached skill level 16 in Fighting
 30847 | D:13     | Killed Rupert
 31148 | Elf:1    | Entered Level 1 of the Elven Halls
 31419 | Elf:1    | Reached skill level 10 in Invocations
 31430 | Elf:1    | Received a gift from Okawaru
 31588 | Elf:1    | Reached XP level 17. HP: 169/172 MP: 24/24
 31681 | Elf:1    | Found Kuiwiyn's Assorted Antiques.
 31690 | Elf:1    | Bought a transparent ring mail for 342 gold pieces
 31690 | Elf:1    | Bought a scroll of enchant weapon for 285 gold pieces
 31690 | Elf:1    | Bought a scroll of teleportation for 114 gold pieces
 31690 | Elf:1    | Identified the +4 ring mail of Onkups {+Fly rC+++ rCorr
                  | Dex-3} (You bought it in a shop on level 1 of the Elven
                  | Halls)
 31759 | Elf:1    | Identified Sif Muna's Handbook of Creative Confrontation
 31798 | Elf:1    | Found Guuc Oho's Gadget Emporium.
 31978 | Elf:1    | Found Eqair's Antique Weapon Boutique.
 32050 | Elf:1    | Found Umnereyh's Gadget Emporium.
 32410 | Elf:2    | Found Valem's Antique Weapon Boutique.
 32742 | Elf:2    | Found a huge runed translucent gate.
 32742 | Elf:2    | Found a huge runed translucent gate.
 32778 | Elf:2    | Found a huge runed translucent gate.
 32911 | Elf:2    | Reached skill level 1 in Armour
 33224 | Elf:2    | Received a gift from Okawaru
 33281 | Elf:3    | Entered Level 3 of the Elven Halls
 33467 | Elf:3    | Found an ancient bone altar of Kikubaaqudgha.
 34106 | Elf:3    | Identified the ring of Lewni {rElec rF+ Dex+5}
 34738 | Elf:3    | Reached skill level 17 in Fighting
 34799 | Elf:3    | Noticed a deep elf master archer
 34813 | Elf:3    | Killed a deep elf master archer
 34851 | Elf:3    | Identified the +9 hand axe of Ihongees {holy, rF- rN+ Dex+7
                  | Stlth+}
 34869 | Elf:3    | Identified the cursed +0 ring mail of Yruosm {+Fly Dex-3
                  | SInv}
 34869 | Elf:3    | Noticed a deep elf blademaster
 34871 | Elf:3    | Reached XP level 18. HP: 184/184 MP: 27/27
 34873 | Elf:3    | Received a gift from Okawaru
 34892 | Elf:3    | Killed a deep elf blademaster
 34899 | Elf:3    | Reached skill level 5 in Dodging
 35472 | Elf:3    | Identified the amulet of Polytheism {Faith *Drain rElec
                  | Str+4}
 35473 | Elf:3    | Noticed a deep elf blademaster
 35486 | Elf:3    | Killed a deep elf blademaster
 35778 | Elf:3    | Reached skill level 5 in Armour
 35789 | Elf:3    | Identified the Tome of the Escort
 36154 | Snake:1  | Entered Level 1 of the Snake Pit
 36162 | Snake:1  | Found a frozen archway.
 36174 | IceCv    | Entered an ice cave
 36416 | IceCv    | Noticed an Ice Fiend
 36416 | IceCv    | Noticed an Ice Fiend
 36778 | IceCv    | Killed an Ice Fiend
 36778 | IceCv    | Received a gift from Okawaru
 36779 | IceCv    | Got a warped great mace {god gift}
 37035 | IceCv    | Killed an Ice Fiend
 37510 | IceCv    | Identified the +2 great mace "Kuodecom" {protect, rF+
                  | Will++ Dex-3 Stlth+} (Okawaru gifted it to you in an ice
                  | cave)
 38254 | Snake:1  | Found a bloodstained altar of Trog.
 38256 | Snake:1  | Noticed Ousak's ghost (adept OpTm)
 38256 | Snake:1  | Identified the +7 quarterstaff of Responsibility
                  | {antimagic, *Contam rN+ Stlth+}
 38261 | Snake:1  | Found a transporter.
 38264 | Snake:1  | Found a transporter.
 38267 | Snake:1  | Identified the +8 great sword "Gaen" {vorpal, rC+ rN+
                  | Will+}
 38277 | Snake:1  | Identified the +4 mace "Ciytt" {antimagic, rPois Dex+2
                  | Stlth+}
 38476 | Snake:1  | Received a gift from Okawaru
 38861 | Snake:1  | Reached XP level 19. HP: 170/195 MP: 21/29
 38868 | Snake:1  | Killed Ousak's ghost
 39380 | Snake:2  | Reached skill level 18 in Fighting
 39633 | Snake:2  | Noticed Agnes
 39643 | Snake:2  | Killed Agnes
 39643 | Snake:2  | Received a gift from Okawaru
 39661 | Snake:2  | Identified the +1 scimitar "Yjiday" {distort, +Rage Str+5}
                  | (Okawaru gifted it to you on level 2 of the Snake Pit)
 40137 | Snake:2  | Reached skill level 1 in Spellcasting
 41560 | Snake:3  | Received a gift from Okawaru
 41823 | Snake:4  | Entered Level 4 of the Snake Pit
 41984 | Snake:4  | Reached skill level 10 in Dodging
 42251 | Snake:4  | Noticed Vashnia
 42269 | Snake:4  | Killed Vashnia
 42819 | Snake:4  | Received a gift from Okawaru
 42880 | Snake:4  | Reached XP level 20. HP: 114/206 MP: 30/30
 43379 | Snake:4  | Reached skill level 5 in Spellcasting
 43496 | Snake:4  | Got a serpentine rune of Zot
 43889 | Swamp:1  | Entered Level 1 of the Swamp
 43979 | Swamp:1  | Noticed Louise
 44015 | Swamp:1  | Killed Louise
 44394 | Swamp:2  | Noticed Donald
 44397 | Swamp:2  | Killed Donald
 44536 | Swamp:2  | Identified the +1 scale mail of the Storm King {*Drain
                  | rElec Regen+ Int+3} (You found it on level 2 of the Swamp)
 45201 | Swamp:3  | Received a gift from Okawaru
 45491 | Swamp:3  | Found an ornate altar of the Wu Jian Council.
 45759 | Swamp:3  | Reached skill level 19 in Fighting
 46192 | Swamp:4  | Entered Level 4 of the Swamp
 46343 | Swamp:4  | Got a decaying rune of Zot
 46568 | Swamp:4  | Received a gift from Okawaru
 47414 | Vaults:1 | Entered Level 1 of the Vaults
 47464 | Vaults:1 | Received a gift from Okawaru
 47504 | Vaults:1 | Reached XP level 21. HP: 216/216 MP: 31/31
 47882 | Vaults:1 | Found a broken altar of Ashenzari.
 48232 | Vaults:1 | Reached skill level 10 in Armour
 48529 | Vaults:1 | Received a gift from Okawaru
 49393 | Vaults:2 | Noticed Frederick
 49420 | Vaults:2 | Killed Frederick
 49841 | Vaults:2 | You fall into a shaft and drop 1 floor!
 50077 | Vaults:3 | Reached XP level 22. HP: 225/228 MP: 35/35
 50108 | Vaults:3 | Received a gift from Okawaru
 50164 | Vaults:3 | Found a staircase to the Crypt.
 50287 | Vaults:3 | Reached skill level 20 in Fighting
 51486 | Vaults:4 | Reached skill level 10 in Spellcasting
 52133 | Vaults:4 | Found Oruabut's Jewellery Boutique.
 52192 | Vaults:4 | Found a runed translucent gate.
 52192 | Vaults:4 | Found a runed translucent gate.
 52192 | Vaults:4 | Found a runed translucent gate.
 52194 | Vaults:4 | Noticed Ugguttuj's ghost (veteran DrWn)
 52423 | Vaults:4 | Received a gift from Okawaru
 52535 | Vaults:4 | Noticed Sojobo
 52554 | Vaults:4 | Killed Sojobo
 53153 | Vaults:4 | Received a gift from Okawaru
 53410 | Vaults:4 | Found an iron altar of Okawaru.
 53440 | Vaults:4 | Killed Ugguttuj's ghost
 53460 | Vaults:4 | Reached XP level 23. HP: 172/237 MP: 37/37
 53474 | Vaults:4 | Identified the +0 chain mail of Poor Excuses {-Cast Rampage
                  | Dex+2} (You found it on level 4 of the Vaults)
 53762 | Depths:1 | Entered Level 1 of the Depths
 53821 | Depths:1 | Received a gift from Okawaru
 54480 | Depths:1 | Received a gift from Okawaru
 54648 | Depths:1 | Found a one-way gate to the infinite horrors of the Abyss.
 54757 | Depths:1 | Found Xaukokh's Gadget Shop.
 54761 | Depths:1 | Found Nyad's Distillery.
 54762 | Depths:1 | Found Vujour's Antique Weapon Shop.
 54765 | Depths:1 | Bought a wand of digging (9) for 260 gold pieces
 54767 | Depths:1 | Bought a potion of curing for 66 gold pieces
 54767 | Depths:1 | Bought a potion of curing for 66 gold pieces
 54767 | Depths:1 | Bought a potion of curing for 66 gold pieces
 54767 | Depths:1 | Bought 2 potions of invisibility for 352 gold pieces
 54767 | Depths:1 | Bought a potion of might for 88 gold pieces
 54767 | Depths:1 | Bought a potion of mutation for 176 gold pieces
 55010 | Depths:1 | Found a gateway to Hell.
 55462 | Depths:2 | Noticed Mara
 55477 | Depths:2 | Noticed Amplified's illusion
 55515 | Depths:2 | Voluntarily entered the Abyss.
 55585 | Abyss:1  | Noticed an ancient lich
 55869 | Abyss:1  | Found a basalt altar of Yredelemnul.
 55894 | Abyss:1  | Gained mutation: You are weak. (Str -2) [a neqoxec]
 56012 | Abyss:1  | Reached skill level 21 in Fighting
 56255 | Abyss:4  | Paralysed by accursed screaming for 1 turns
 56260 | Abyss:4  | Paralysed by accursed screaming for 2 turns
 56268 | Abyss:4  | Paralysed by accursed screaming for 1 turns
 56277 | Abyss:4  | Paralysed by accursed screaming for 2 turns
 56280 | Abyss:4  | HP: 1/168 [starcursed mass/accursed screaming (18)]
 56288 | Abyss:4  | Slain by a starcursed mass

Illustrated notes

Levels and vault maps discovered:
D:1:      dpeg_arrival_tiny_h, layout_basic, amcnicky_mini_pool_small,
          st_stairs_12
D:2:      layout_rooms, lemuel_round_altar, overflow_temple_1_default,
          uniq_crazy_yiuf_cottage
D:3:      minmay_skewed_foursquare, layout_basic, lemuel_doored_altar,
          kennysheep_generic_room_2, uniq_terence
D:4:      layout_loops_cross, kennysheep_little_box, lemuel_crystal_altar,
          minmay_temple_entry_statues_fountains, serial_shops,
          nicolae_shop_behind_doors,
          nicolae_shop_temple_entry_statues_fountains, shop, corexii_shack
D:5:      layout_rooms, kennysheep_mini_moat, gammafunk_temple_overflow_elements
D:6:      layout_cave_pods, uniq_edmund
D:7:      layout_loops_corners, nicolae_overflow_crystal_walls,
          nicolae_overflow_hidden_temple, kennysheep_vampire_church,
          led_sif_book, nicolae_dithmenos_shadow_blocks,
          nicolae_gozag_seed_capital
D:8:      layout_cave_pools, nicolae_ru_sacrificial_ziggurat,
          minmay_hollow_rounded_squares
D:9:      minmay_the_grid_square_5x5_3x3 [minmay_the_grid_square_5x5_v,
          minmay_the_grid_square_5x5_minimal, minmay_the_grid_square_5x5_tie,
          minmay_the_grid_square_5x5_two_walls_b,
          minmay_the_grid_square_5x5_megaprize_crossed,
          minmay_the_grid_square_5x5_mess,
          minmay_the_grid_square_5x5_almost_minimal,
          minmay_the_grid_square_5x5_shuriken,
          minmay_the_grid_square_5x5_inner_v], layout_basic, lemuel_round_altar,
          serial_shops, nicolae_shop_overgrown_old_shop,
          david_defended_altar_orc
D:10:     layout_basic, erik_lair_orcish_takeover, david_orc_3
D:11:     layout_loops_ring, minmay_misc_feat_columns, uniq_maurice
D:12:     layout_irregular_city, serial_column_ruins, column_ruins_square_small,
          column_ruins_hut, column_ruins_open_tiny,
          column_ruins_columns_straight, column_ruins_open_large,
          column_ruins_open_small, column_ruins_grid_2,
          column_ruins_corridor_straight, uniq_fannar, uniq_jorgrun, uniq_psyche
D:13:     layout_grid_maze, gauntlet_entry_generic, basic_altar,
          minmay_ruined_shrine, uniq_rupert
D:14:     layout_irregular_city, david_vaults_1, serial_bayou_pond_a,
          serial_shops, nicolae_shop_trees, nicolae_two_hexagons
D:15:     grunt_enter_depths_snipers, layout_rooms
Temple:   corrupted_temple
Lair:1:   layout_chaotic_city, minmay_lair_oklob_items
Lair:2:   layout_loops_ring, st_stairs_10, minivault_11, uniq_gastronok
Lair:3:   layout_roguey, skrybe_swamp_entry_bodies,
          grunt_forest_large_clearings, minmay_lair_oklob_chamber
Lair:4:   layout_cave_pods, minmay_snake_entry_six_corridors,
          cheibrodos_lair_lostbears, grunt_megastairs_5
Lair:5:   layout_gridlike, st_stairs_4, lemuel_fruit_fields
Lair:6:   minmay_lair_end_frog_pond, layout_cave_pods,
          nicolae_slime_entry_slimehenge, serial_bayou_pond_b,
          infiniplex_staircase_pool, uniq_kirke, uniq_josephine
Swamp:1:  layout_falls_marsh, evilmike_swamp_ruin_house_3, uniq_louise
Swamp:2:  layout_basic_swamp, hangedman_swamp_cone, uniq_donald
Swamp:3:  nzn_winding_woodlands_three_and_one [nzn_winding_woodlands_5x15_pool,
          nzn_winding_woodlands_5x15_river_crossing,
          nzn_winding_woodlands_5x15_eye, nzn_winding_woodlands_center_lodge],
          layout_basic_swamp, lemuel_altar_in_water
Swamp:4:  swamp_fiery, layout_basic_swamp, hangedman_swamp_pad, swamp_pool1,
          infiniplex_staircase_pool_2
Snake:1:  cheibrodos_snake_lava_hold, layout_layer_cave,
          portal_ice_cave_entry_pillars_2, gammafunk_ghost_wrathful_warriors,
          hangedman_snake_corridor_cut
Snake:2:  layout_cave_town, grunt_ministairs_15, drop_trap, uniq_agnes
Snake:3:  layout_honeycomb, nrook_loot_triangle
Snake:4:  snake_pit, layout_cave_town, serial_bayou_shore_b, grunt_megastairs_3,
          uniq_vashnia
Orc:1:    layout_diamond_mine, mines3_lemuel, uniq_urug
Orc:2:    grunt_orc_community_town_hall, layout_caves,
          grunt_orc_community_big_house_2, grunt_orc_community_big_house_1,
          grunt_orc_community_house_3, grunt_orc_community_house_1,
          grunt_orc_community_house_3, grunt_orc_community_house_1,
          grunt_orc_community_house_2, grunt_orc_community_house_1,
          serial_shops, nicolae_shop_waterfront
Elf:1:    eino_elf_arrival_customs, layout_rooms, serial_shops,
          nicolae_shop_overgrown_old_shop, shop_statue, shop, shop,
          minmay_elf_sorcery, nicolae_elf_glass_and_crystal_pillar_2
Elf:2:    layout_loops_corners, serial_shops, shop
Elf:3:    minmay_elf_hall_golems, layout_geoelf_octagon, guppyfry_elf_altar
Vaults:1: ontoclasm_vaults_chip, ontoclasm_vaults_decontamination,
          nicolae_vaults_little_squares_4, v_misc_12, ontoclasm_vaults_shuriken,
          dpeg_vaults_monster_row, v_alt_pattern_1,
          ontoclasm_vaults_loading_screen, v_misc_25, layout_vaults_omnibox,
          basic_altar
Vaults:2: ontoclasm_vaults_tryst, v_rooms_4, v_alt_pattern_5, v_rooms_6,
          nicolae_vaults_alarming, vaults_dpeg_cross, sword_in_stone, v_rooms_4,
          v_rooms_1, nicolae_vaults_little_squares_6, layout_vaults_ring,
          uniq_nikola, uniq_frederick
Vaults:3: minmay_crypt_entry_vampire_xt, hangedman_vaults_slither,
          grunt_vaults_twisty, vaults_dpeg_encased_lava, vaults_mumra_chevron,
          vaults_standard_mumra_lines, ontoclasm_vaults_loading_screen,
          layout_vaults_maze_snakey
Vaults:4: gammafunk_vaults_ghost_fury_of_okawaru, hangedman_vaults_hat,
          ontoclasm_vaults_ring_square, nicolae_vaults_ring_of_whatevers,
          vaults_room_grid, nicolae_vaults_little_squares_3, v_misc_27,
          hangedman_vaults_snaps, ontoclasm_vaults_claustrophobia,
          hangedman_vaults_capsules, v_misc_19, nicolae_vaults_network_star,
          layout_vaults_omnicross, serial_shops, nicolae_shop_crystal,
          uniq_sojobo
Depths:1: layout_basic, abyss_entry_small_statue_room, pf_coc_iceberg,
          minmay_misc_feat_chi, kennysheep_underground_church, minmay_shop_star
Depths:2: minmay_curly_fans, layout_cave_pools, grunt_hell_entry_dis_old,
          hangedman_decor_slide_cut, serial_shops, shop, abyss_entry,
          kennysheep_nub, minmay_hedge_maze, grunt_ministairs_9,
          kennysheep_generic_room_8, uniq_mara
Abyss:4:  base: Depths:1, evilmike_abyss_exit_3, nicolae_abyss_rune_star_stuff

Skill      XL: |  1  2  3  4  5  6  7  8  9 10 11 12 13 14 15 16 17 18 19 20 21 22 23 |
---------------+----------------------------------------------------------------------+-----
Dodging        | 1 2 4 8 10 12 13 14 | 14.9
Stealth        | 6 7 8 10 11 13 14 | 14.1
Fighting       | 3 4 5 7 8 9 11 12 14 15 16 17 18 19 20 21 | 21.0
Short Blades   | 3 |  3.5
Hexes          | 1 3 4 6 7 8 |  8.4
Maces & Flails | 1 2 4 6 7 9 10 12 13 14 15 16 | 16.2
Shields        | 2 5 7 9 |  9.3
Invocations    | 1 7 10 12 13 | 13.8
Armour         | 3 6 8 9 10 12 | 12.8
Spellcasting   | 4 7 9 10 11 | 11.9
Throwing       | |  1.7

Action                   |  1- 3 |  4- 6 |  7- 9 | 10-12 | 13-15 | 16-18 | 19-21 | 22-24 || total
-------------------------+-------+-------+-------+-------+-------+-------+-------+-------++-------
Melee: Dagger            |   109 |   103 |       |       |       |       |       |       ||   212
       Eveningstar       |       |    53 |   348 |   398 |   928 |   936 |  1219 |   935 ||  4817
       Tailslap          |       |     1 |    39 |    48 |   178 |   206 |   314 |   230 ||  1016
       Constrict         |       |       |       |       |   237 |   218 |   280 |   151 ||   886
Throw: Dart              |       |    10 |     5 |     3 |    26 |    14 |       |       ||    58
 Cast: Ensorcelled Hiber |       |       |       |     1 |       |       |       |       ||     1
Invok: Heroism           |       |       |     2 |       |     2 |     1 |     4 |     7 ||    16
       Finesse           |       |       |       |       |     1 |       |     3 |     7 ||    11
 Abil: Spit Poison       |       |     1 |     1 |       |       |       |       |       ||     2
       Evoke Berserk Rag |       |       |       |     6 |     6 |    10 |     2 |     1 ||    25
Evoke: Wand              |       |     2 |     8 |    12 |     6 |     6 |       |     4 ||    38
       Phantom mirror    |       |       |       |       |       |       |     1 |       ||     1
  Use: Scroll            |     3 |    12 |     9 |    11 |    19 |    27 |     7 |     6 ||    94
       Potion            |     2 |     3 |     8 |     8 |     3 |    10 |     2 |    14 ||    50
 Stab: Sleeping          |    10 |    14 |    11 |    25 |    19 |    22 |    51 |    16 ||   168
       Paralysed         |       |     1 |     2 |     9 |     1 |     1 |       |       ||    14
       Distracted        |       |       |     3 |     4 |     8 |     6 |     4 |     2 ||    27
       Invisible         |       |       |     6 |       |       |       |       |     2 ||     8
Armor: Robe              |    17 |       |       |       |       |       |       |       ||    17
       Leather armour    |    28 |    54 |   205 |   181 |   290 |   102 |   465 |   322 ||  1647
       Chain mail        |       |       |       |       |    49 |   288 |       |       ||   337
Dodge: Dodged            |    59 |    80 |   267 |   205 |   209 |   126 |   600 |   619 ||  2165
Block: Kite shield       |       |       |       |   122 |   638 |   580 |   927 |   871 ||  3138
